 Dungeon Crawl Stone Soup version 0.27.0-1-g7a089689b8 (webtiles) character file.

Game seed: 9460167287779128674

62 ZARRMARR the Chopper (level 4, 0/40 HPs)
             Began as a Hill Orc Monk on Aug 16, 2021.
             Succumbed to an adder's poison
             ... on level 3 of the Dungeon.
             The game lasted 00:07:08 (2033 turns).

ZARRMARR the Chopper (Hill Orc Monk)                Turns: 2033, Time: 00:07:09

Health: 0/40       AC:  3    Str: 14    XL:     4   Next: 8%
Magic:  4/4        EV: 12    Int: 10    God:
Gold:   74         SH:  0    Dex: 13    Spells: 3/3 levels left

rFire    . . .     SeeInvis .   a - +0 hand axe
rCold    . . .     Faith    .   (no shield)
rNeg     . . .     Spirit   .   b - +0 robe
rPois    .         Reflect  .   (no helmet)
rElec    .         Harm     .   (no cloak)
rCorr    .         Rampage  .   d - +0 pair of gloves
Will     .....                  (no boots)
Stlth    ++........             (no amulet)
HPRegen  0.13/turn              (no ring)
MPRegen  0.09/turn              (no ring)

@: mighty, brilliant, lethally poisoned (0 -> -4), flying
A: no striking features
a: no special abilities


You were on level 3 of the Dungeon.
You visited 1 branch of the dungeon, and saw 3 of its levels.

You collected 74 gold pieces.

Inventory:

Hand Weapons
 a - a +0 hand axe (weapon)
Missiles
 c - 64 stones (quivered)
 j - 7 javelins
Armour
 b - a +0 robe (worn)
 d - a +0 pair of gloves (worn)
Wands
 g - a wand of iceblast (3)
Potions
 e - a potion of flight


   Skills:
 + Level 4.1 Fighting
 + Level 4.9 Axes
 + Level 1.2 Throwing
 + Level 2.9 Dodging
 - Level 1.5 Stealth


You had 3 spell levels left.
You didn't know any spells.
Your spell library was empty.

Dungeon Overview and Level Annotations

Branches:
Dungeon (3/15)

Altars:
Hepliaklqana

Shops:
D:3 *


Message History

You are poisoned.
The adder poisons you!
You hit the adder but do no damage.
The adder is moderately wounded.
You feel sick. The adder bites you but does no damage. The adder bites you.
You miss the adder.
The adder is lightly wounded.
You feel sick. The adder bites you.
You are more poisoned.
The adder poisons you!
You barely miss the adder.
The adder is lightly wounded.
You feel sick. The adder barely misses you. The adder bites you.
You closely miss the adder.
The adder is lightly wounded.
You feel sick. The adder bites you but does no damage.
You hit the adder but do no damage.
The adder is lightly wounded.
You feel sick. The adder barely misses you.
You barely miss the adder.
The adder is lightly wounded.
You feel sick. The adder bites you.
* * * LOW HITPOINT WARNING * * *
The adder bites you.
* * * LOW HITPOINT WARNING * * *
You are lethally poisoned!
The adder poisons you!
It was a potion of flight.
You feel very buoyant.
You fly up into the air.
* * * LOW HITPOINT WARNING * * *
You feel sick. The adder bites you.
* * * LOW HITPOINT WARNING * * *
It was a potion of might.
You feel very mighty all of a sudden.
* * * LOW HITPOINT WARNING * * *
You feel sick. The adder closely misses you.
It was a potion of brilliance.
You feel clever all of a sudden.
You die...

.....(.
#......###
#......(.#.. ..
.........#.# #.#
.......(.#.# ..#
#.......#.#..##.
#.....S.#.#.....
#....(@?.......
#..∩....#.#.##..
#.######......#
.#.........#.#.#
..........##.#
.#.....#<....#
#.###.####### .
.. ##.


You could see an adder.

Vanquished Creatures
  2 adders
  A worm (D:2)
  3 dart slugs
  5 ball pythons
  4 bats (D:1)
  4 endoplasms
  A giant cockroach (D:1)
  A goblin (D:1)
  2 hobgoblins
  6 kobolds
  A quokka (D:2)
  4 rats (D:1)
34 creatures vanquished.

Notes
Turn   | Place    | Note
-------+----------+-------------------------------------------
     0 | D:1      | ZARRMARR the Hill Orc Monk began the quest for the Orb.
     0 | D:1      | Reached XP level 1. HP: 19/19 MP: 1/1
   219 | D:1      | Reached XP level 2. HP: 27/27 MP: 2/2
   487 | D:1      | Found a faded altar of an unknown god.
   608 | D:1      | Reached XP level 3. HP: 33/33 MP: 3/3
  1611 | D:2      | Found a hazy altar of Hepliaklqana.
  1692 | D:2      | Reached skill level 1 in Throwing
  1973 | D:3      | Found Gadem's General Store.
  1981 | D:3      | Reached XP level 4. HP: 23/40 MP: 4/4
  2031 | D:3      | HP: 2/40 [adder (2)]
  2033 | D:3      | Succumbed to an adder's poison

Illustrated notes

Levels and vault maps discovered:
D:1:      sevenhm_arrival_forest_fort_small_5, layout_rooms,
          basic_ecumenical_altar, serial_bayou_pond_a, serial_bayou_pond_d
D:2:      layout_basic, basic_altar
D:3:      wander_river, layout_basic, serial_shops, shop

Skill      XL: |  1  2  3 |
---------------+----------+-----
Fighting       | 4 |  4.1
Throwing       | 1 |  1.2
Axes           | |  4.9
Dodging        | |  2.9
Stealth        | |  1.5

Action                   |  1- 3 |  4- 6 || total
-------------------------+-------+-------++-------
Melee: Hand axe          |    90 |     8 ||    98
Throw: Stone             |   113 |     4 ||   117
  Use: Scroll            |     2 |       ||     2
       Potion            |       |     3 ||     3
 Stab: Sleeping          |     1 |       ||     1
Armor: Robe              |    23 |     2 ||    25
Dodge: Dodged            |    54 |     4 ||    58
